[ AOE2 MATCH · #504770277 ]
UnrankedLithuanians vs Magyars
Player's team · LOSS
[ REPLAY ANALYSIS · EXTRACTED FROM THE RECORDED GAME ]
Feudal
12:54
Castle
19:44
Imperial
40:55
| APM avg | 61.6 |
| APM peak | 119 |
| eAPM avg | 32.3 |
| Villagers / military | 167 / 214 |
Focus
⚔️ 36.7% · 🌾 63.3%
Leitis ×109 · Spearman ×76 · Archer ×27 · Mangonel ×2
Feudal
16:33
Castle
21:43
Imperial
29:53
| APM avg | 67.3 |
| APM peak | 135 |
| eAPM avg | 47.6 |
| Villagers / military | 277 / 110 |
Focus
⚔️ 63.9% · 🌾 36.1%
Knight ×103 · Monk ×7
Feudal
14:04
Castle
26:19
Imperial
—
| APM avg | 31.2 |
| APM peak | 85 |
| eAPM avg | 11.3 |
| Villagers / military | 117 / 89 |
Focus
⚔️ 38.7% · 🌾 61.3%
Cavalry Archer ×56 · Battering Ram ×9 · Knight ×7 · Scout Cavalry ×7 · Tarkan ×6 · Skirmisher ×2
Feudal
14:16
Castle
18:11
Imperial
48:02
| APM avg | 77.5 |
| APM peak | 205 |
| eAPM avg | 46.3 |
| Villagers / military | 195 / 40 |
Focus
⚔️ 59.9% · 🌾 40.1%
Mangudai ×31 · Scout Cavalry ×5 · Battering Ram ×4
Feudal
12:13
Castle
25:44
Imperial
—
| APM avg | 29.7 |
| APM peak | 68 |
| eAPM avg | 13.8 |
| Villagers / military | 107 / 56 |
Focus
⚔️ 28.8% · 🌾 71.2%
Scout Cavalry ×56
Feudal
13:00
Castle
16:19
Imperial
35:02
| APM avg | 47.7 |
| APM peak | 88 |
| eAPM avg | 30.3 |
| Villagers / military | 153 / 231 |
Focus
⚔️ 40.0% · 🌾 60.0%
Knight ×217 · Spearman ×5 · Mangonel ×4 · Trebuchet (Packed) ×4 · Scorpion ×1
Feudal
13:39
Castle
17:29
Imperial
35:09
| APM avg | 17.1 |
| APM peak | 60 |
| eAPM avg | 9.5 |
| Villagers / military | 88 / 49 |
Focus
⚔️ 30.8% · 🌾 69.2%
Rattan Archer ×37 · Spearman ×7 · Mangonel ×3 · Trebuchet (Packed) ×2
Feudal
15:09
Castle
22:38
Imperial
50:56
| APM avg | 12.7 |
| APM peak | 33 |
| eAPM avg | 8.1 |
| Villagers / military | 78 / 0 |
Focus
⚔️ 11.7% · 🌾 88.3%
Match map
Initial resources + every placement click. Lines = walls · curves = elevation contours. ◆ gold · ⬟ stone · ● berries · ✦ relic · ◌ wall gap
Your base· Open — 7t gap
迷途小書童's base· Open — 7t gap
HIX | Mark Anthony's base· Open — 11t gap
evi's base· Open — unwalled flank
无落Zenith's base· Open — unwalled flank
牛油果's base· Open — unwalled flank
76561198865811312's base· Open — 6t gap
局長's base· Open — unwalled flank
Smoothed initial terrain · ◌ = detected wall gap · hover for details
Inputs per minute
— HIX | Jager_Master - - 迷途小書童
Build order — HIX | Jager_Master
First 150 of 536 actions detected
| 0:48 | Build | Town Center |
| 2:27 | Build | House |
| 2:38 | Build | House |
| 2:44 | Build | House |
| 2:50 | Queue | Villager (Male) ×5 |
| 2:51 | Queue | Villager (Male) |
| 2:55 | Build | House |
| 3:28 | Build | House |
| 3:30 | Build | House |
| 4:18 | Build | Mill |
| 4:22 | Queue | Villager (Male) |
| 5:30 | Queue | Villager (Male) |
| 5:30 | Queue | Villager (Male) |
| 6:30 | Queue | Villager (Male) |
| 6:30 | Queue | Villager (Male) |
| 6:31 | Queue | Villager (Male) |
| 6:46 | Queue | Villager (Male) |
| 6:56 | Queue | Villager (Male) |
| 8:10 | Queue | Villager (Male) |
| 8:10 | Queue | Villager (Male) |
| 8:11 | Queue | Villager (Male) |
| 8:34 | Build | House |
| 8:47 | Build | House |
| 9:35 | Queue | Villager (Male) |
| 9:35 | Queue | Villager (Male) |
| 9:56 | Build | Mining Camp |
| 10:14 | Build | House |
| 10:44 | Research | Feudal Age |
| 10:44 | Research | Feudal Age |
| 11:54 | Build | Barracks |
| 12:17 | Queue | Villager (Male) |
| 12:18 | Queue | Villager (Male) |
| 12:18 | Queue | Villager (Male) |
| 12:54 | Age | Feudal Age |
| 12:55 | Build | Archery Range |
| 13:05 | Queue | Villager (Male) |
| 13:07 | Build | Lumber Camp |
| 13:26 | Build | House |
| 13:36 | Queue | Archer |
| 13:36 | Queue | Archer |
| 13:37 | Queue | Archer |
| 13:39 | Build | House |
| 14:06 | Queue | Villager (Male) |
| 14:13 | Build | Blacksmith |
| 14:24 | Queue | Villager (Male) |
| 14:43 | Queue | Archer |
| 14:47 | Build | House |
| 14:49 | Build | Palisade Wall |
| 15:04 | Research | Loom |
| 15:05 | Queue | Villager (Male) |
| 15:41 | Queue | Archer |
| 15:44 | Build | Archery Range |
| 15:59 | Queue | Archer |
| 16:06 | Queue | Villager (Male) |
| 16:08 | Build | Palisade Wall |
| 16:12 | Build | House |
| 16:20 | Queue | Villager (Male) |
| 16:48 | Research | Castle Age |
| 17:18 | Build | Market |
| 17:22 | Build | Palisade Wall |
| 17:27 | Build | Mill |
| 17:38 | Build | Mill |
| 17:40 | Queue | Archer |
| 17:40 | Queue | Archer |
| 17:42 | Research | Fletching |
| 17:42 | Research | Fletching |
| 18:02 | Queue | Archer |
| 18:03 | Queue | Archer |
| 18:03 | Queue | Archer |
| 18:30 | Research | Gold Mining |
| 19:03 | Queue | Archer |
| 19:18 | Queue | Villager (Male) |
| 19:44 | Age | Castle Age |
| 19:51 | Build | Siege Workshop |
| 19:55 | Research | Bodkin Arrow |
| 19:57 | Queue | Villager (Male) |
| 20:00 | Build | House |
| 20:00 | Build | House |
| 20:39 | Research | Crossbowman (upgrade) |
| 20:43 | Build | House |
| 20:50 | Queue | Villager (Male) |
| 20:50 | Queue | Villager (Male) |
| 21:16 | Queue | Mangonel |
| 21:23 | Queue | Villager (Male) |
| 21:31 | Research | Horse Collar |
| 22:02 | Queue | Archer |
| 22:03 | Queue | Archer |
| 22:20 | Queue | Mangonel |
| 22:23 | Build | House |
| 22:24 | Queue | Villager (Male) |
| 22:25 | Queue | Villager (Male) |
| 22:30 | Build | Farm |
| 22:31 | Build | Farm |
| 22:31 | Build | Farm |
| 22:46 | Queue | Villager (Male) |
| 22:57 | Queue | Villager (Male) |
| 23:00 | Build | Farm |
| 23:01 | Build | Farm |
| 23:19 | Queue | Archer |
| 23:19 | Queue | Archer |
| 23:19 | Queue | Archer |
| 23:37 | Queue | Villager (Male) |
| 23:38 | Queue | Archer |
| 23:43 | Queue | Villager (Male) |
| 23:47 | Build | Farm |
| 23:49 | Build | Farm |
| 23:54 | Build | Farm |
| 24:03 | Build | House |
| 24:11 | Queue | Archer |
| 24:11 | Queue | Archer |
| 24:12 | Queue | Villager (Male) |
| 24:36 | Research | Double-Bit Axe |
| 24:46 | Build | House |
| 25:16 | Queue | Villager (Male) |
| 25:16 | Queue | Villager (Male) |
| 25:45 | Build | Town Center |
| 26:05 | Queue | Villager (Male) |
| 26:06 | Queue | Villager (Male) |
| 26:23 | Build | House |
| 26:38 | Queue | Villager (Male) |
| 26:38 | Queue | Villager (Male) |
| 26:40 | Queue | Villager (Male) |
| 26:48 | Build | Town Center |
| 26:54 | Research | Town Watch |
| 26:56 | Build | Farm |
| 26:57 | Build | Farm |
| 26:59 | Build | House |
| 27:09 | Queue | Archer |
| 27:09 | Queue | Archer |
| 27:09 | Queue | Archer |
| 27:09 | Queue | Archer |
| 27:12 | Queue | Villager (Male) |
| 27:26 | Queue | Villager (Male) |
| 27:27 | Queue | Villager (Male) |
| 27:27 | Queue | Villager (Male) |
| 27:28 | Build | Farm |
| 27:34 | Build | Farm |
| 28:01 | Queue | Archer |
| 28:01 | Queue | Archer |
| 28:02 | Queue | Archer |
| 28:04 | Queue | Villager (Male) |
| 28:04 | Queue | Villager (Male) |
| 28:05 | Queue | Villager (Male) |
| 28:24 | Build | House |
| 28:41 | Research | Wheelbarrow |
| 28:43 | Queue | Villager (Male) |
| 28:43 | Queue | Villager (Male) |
| 28:43 | Queue | Villager (Male) |
| 28:47 | Build | Farm |
| 28:47 | Build | Farm |
Build order — 迷途小書童
First 150 of 580 actions detected
| 0:21 | Build | Town Center |
| 2:36 | Build | House |
| 2:42 | Queue | Villager (Male) |
| 2:42 | Queue | Villager (Male) |
| 2:43 | Queue | Villager (Male) ×3 |
| 2:43 | Queue | Villager (Male) ×2 |
| 3:57 | Queue | Villager (Male) |
| 4:15 | Build | Lumber Camp |
| 4:39 | Queue | Villager (Male) |
| 4:39 | Queue | Villager (Male) |
| 4:40 | Queue | Villager (Male) |
| 5:02 | Build | House |
| 5:14 | Queue | Villager (Male) |
| 5:44 | Queue | Villager (Male) |
| 6:21 | Queue | Villager (Male) |
| 6:21 | Queue | Villager (Male) |
| 6:23 | Queue | Villager (Male) |
| 6:26 | Build | House |
| 6:53 | Queue | Villager (Male) |
| 6:53 | Queue | Villager (Male) |
| 6:54 | Queue | Villager (Male) |
| 7:11 | Build | House |
| 7:18 | Research | Loom |
| 7:28 | Queue | Villager (Male) |
| 7:28 | Queue | Villager (Male) |
| 7:28 | Queue | Villager (Male) |
| 7:29 | Queue | Villager (Male) |
| 8:37 | Queue | Villager (Male) |
| 8:37 | Queue | Villager (Male) |
| 8:37 | Queue | Villager (Male) |
| 8:38 | Queue | Villager (Male) |
| 8:38 | Queue | Villager (Male) |
| 8:49 | Queue | Villager (Male) |
| 8:50 | Queue | Villager (Male) |
| 9:34 | Build | House |
| 10:02 | Queue | Villager (Male) |
| 10:02 | Queue | Villager (Male) |
| 10:15 | Queue | Villager (Male) |
| 10:16 | Queue | Villager (Male) |
| 10:29 | Queue | Villager (Male) |
| 10:29 | Queue | Villager (Male) |
| 10:29 | Queue | Villager (Male) |
| 10:36 | Build | House |
| 10:47 | Queue | Villager (Male) |
| 10:47 | Queue | Villager (Male) |
| 11:12 | Queue | Villager (Male) |
| 11:12 | Queue | Villager (Male) |
| 11:24 | Queue | Villager (Male) |
| 11:24 | Queue | Villager (Male) |
| 11:26 | Queue | Villager (Male) |
| 11:27 | Queue | Villager (Male) |
| 11:27 | Queue | Villager (Male) |
| 11:42 | Build | House |
| 11:44 | Queue | Villager (Male) |
| 11:44 | Queue | Villager (Male) |
| 11:58 | Build | Mining Camp |
| 12:00 | Queue | Villager (Male) |
| 12:17 | Build | House |
| 12:25 | Queue | Villager (Male) |
| 13:03 | Build | Mill |
| 13:10 | Build | Lumber Camp |
| 13:12 | Build | House |
| 13:39 | Build | Mill |
| 14:23 | Research | Feudal Age |
| 14:23 | Research | Feudal Age |
| 14:23 | Research | Feudal Age |
| 14:51 | Queue | Villager (Male) |
| 14:51 | Queue | Villager (Male) |
| 15:32 | Queue | Villager (Male) |
| 16:22 | Build | House |
| 16:33 | Age | Feudal Age |
| 16:35 | Queue | Villager (Male) |
| 16:39 | Build | Barracks |
| 16:41 | Build | House |
| 17:35 | Build | Stable |
| 17:37 | Build | Blacksmith |
| 17:38 | Queue | Villager (Male) |
| 18:11 | Queue | Villager (Male) |
| 18:22 | Research | Double-Bit Axe |
| 18:23 | Research | Double-Bit Axe |
| 18:23 | Research | Horse Collar |
| 18:23 | Research | Horse Collar |
| 18:24 | Research | Horse Collar |
| 18:24 | Research | Scale Barding Armor |
| 18:25 | Research | Scale Barding Armor |
| 18:25 | Research | Scale Barding Armor |
| 18:27 | Queue | Villager (Male) |
| 18:27 | Queue | Villager (Male) |
| 18:30 | Build | Market |
| 18:32 | Build | House |
| 18:33 | Build | House |
| 18:42 | Research | Castle Age |
| 18:42 | Research | Castle Age |
| 18:48 | Research | Gold Mining |
| 18:48 | Research | Gold Mining |
| 18:48 | Research | Gold Mining |
| 19:23 | Research | Bloodlines |
| 19:23 | Research | Bloodlines |
| 19:23 | Research | Bloodlines |
| 19:25 | Queue | Villager (Male) |
| 19:25 | Queue | Villager (Male) |
| 19:33 | Build | Mill |
| 20:41 | Queue | Villager (Male) |
| 20:41 | Queue | Villager (Male) |
| 20:54 | Queue | Villager (Male) |
| 21:27 | Queue | Villager (Male) |
| 21:36 | Build | House |
| 21:43 | Age | Castle Age |
| 21:45 | Build | Town Center |
| 21:46 | Queue | Villager (Male) |
| 21:47 | Queue | Villager (Male) |
| 21:55 | Build | Town Center |
| 21:56 | Queue | Villager (Male) |
| 21:56 | Queue | Villager (Male) |
| 22:06 | Queue | Villager (Male) |
| 22:11 | Build | Monastery |
| 22:16 | Queue | Villager (Male) |
| 22:16 | Queue | Villager (Male) |
| 22:38 | Queue | Villager (Male) |
| 22:58 | Queue | Villager (Male) |
| 22:58 | Queue | Villager (Male) |
| 23:02 | Queue | Monk |
| 23:02 | Queue | Monk |
| 23:04 | Queue | Monk |
| 23:09 | Queue | Villager (Male) |
| 23:15 | Research | Bow Saw |
| 23:15 | Research | Bow Saw |
| 23:17 | Queue | Villager (Male) |
| 23:18 | Queue | Villager (Male) |
| 23:19 | Queue | Villager (Male) |
| 23:19 | Queue | Villager (Male) |
| 23:19 | Queue | Villager (Male) ×5 |
| 23:20 | Queue | Villager (Male) ×5 |
| 23:20 | Queue | Villager (Male) |
| 23:31 | Queue | Villager (Male) |
| 23:37 | Queue | Villager (Male) |
| 23:37 | Queue | Villager (Male) |
| 23:38 | Queue | Villager (Male) |
| 23:38 | Queue | Villager (Male) |
| 23:40 | Queue | Villager (Male) |
| 23:41 | Queue | Villager (Male) |
| 23:44 | Queue | Villager (Male) |
| 23:55 | Queue | Villager (Male) |
| 23:57 | Queue | Villager (Male) |
| 24:03 | Queue | Villager (Male) |
| 24:05 | Queue | Villager (Male) |
| 24:19 | Queue | Villager (Male) |
| 24:20 | Queue | Villager (Male) |
| 24:29 | Build | Farm |
| 24:38 | Research | Wheelbarrow |
Build order — HIX | Mark Anthony
First 150 of 331 actions detected
| 1:15 | Build | Town Center |
| 2:54 | Queue | Villager (Male) |
| 2:54 | Queue | Villager (Male) |
| 2:54 | Queue | Villager (Male) |
| 2:55 | Queue | Villager (Male) |
| 2:55 | Queue | Villager (Male) |
| 4:28 | Queue | Villager (Male) |
| 4:29 | Queue | Villager (Male) |
| 4:37 | Queue | Villager (Male) |
| 4:37 | Queue | Villager (Male) |
| 5:02 | Queue | Villager (Male) |
| 5:34 | Queue | Villager (Male) |
| 5:34 | Queue | Villager (Male) |
| 6:36 | Queue | Villager (Male) |
| 6:36 | Queue | Villager (Male) |
| 6:36 | Queue | Villager (Male) |
| 7:30 | Queue | Villager (Male) |
| 7:30 | Queue | Villager (Male) |
| 7:35 | Build | Lumber Camp |
| 8:07 | Queue | Villager (Male) |
| 8:08 | Queue | Villager (Male) |
| 8:08 | Queue | Villager (Male) |
| 8:49 | Queue | Villager (Male) |
| 8:49 | Research | Loom |
| 9:39 | Build | Mill |
| 10:21 | Build | Mill |
| 10:51 | Queue | Villager (Male) |
| 11:04 | Build | Palisade Wall |
| 11:09 | Build | Palisade Wall |
| 11:33 | Build | Palisade Wall |
| 11:36 | Build | Palisade Wall |
| 11:39 | Build | Palisade Wall |
| 11:54 | Research | Feudal Age |
| 11:54 | Research | Feudal Age |
| 12:34 | Build | Barracks |
| 12:38 | Build | Palisade Wall |
| 13:34 | Build | Palisade Wall |
| 13:36 | Build | Palisade Wall |
| 13:37 | Build | Palisade Wall |
| 13:43 | Queue | Villager (Male) |
| 13:44 | Queue | Villager (Male) |
| 14:04 | Age | Feudal Age |
| 14:07 | Queue | Spearman |
| 14:37 | Build | Stable |
| 14:43 | Queue | Villager (Male) |
| 14:43 | Queue | Villager (Male) |
| 15:10 | Queue | Villager (Male) |
| 15:14 | Queue | Villager (Male) |
| 15:21 | Queue | Scout Cavalry |
| 15:21 | Queue | Scout Cavalry |
| 15:35 | Build | Blacksmith |
| 15:38 | Queue | Villager (Male) |
| 16:04 | Build | Watch Tower |
| 16:12 | Build | Palisade Wall |
| 16:16 | Build | Palisade Wall |
| 16:21 | Build | Palisade Wall |
| 16:25 | Queue | Villager (Male) |
| 16:27 | Build | Farm |
| 16:29 | Build | Farm |
| 16:37 | Build | Palisade Wall |
| 16:42 | Queue | Villager (Male) |
| 16:44 | Queue | Scout Cavalry |
| 16:59 | Queue | Villager (Male) |
| 17:06 | Build | Farm |
| 17:07 | Build | Farm |
| 17:07 | Build | Farm |
| 17:07 | Build | Farm |
| 17:08 | Queue | Villager (Male) |
| 17:21 | Queue | Villager (Male) |
| 17:24 | Research | Scale Barding Armor |
| 17:34 | Queue | Villager (Male) |
| 17:35 | Queue | Villager (Male) |
| 17:35 | Queue | Villager (Male) |
| 17:39 | Build | Farm |
| 17:50 | Queue | Villager (Male) |
| 17:50 | Queue | Villager (Male) |
| 17:50 | Queue | Villager (Male) |
| 17:54 | Build | Farm |
| 18:22 | Queue | Scout Cavalry |
| 18:22 | Queue | Scout Cavalry |
| 18:23 | Queue | Villager (Male) |
| 18:23 | Queue | Villager (Male) |
| 18:45 | Queue | Villager (Male) |
| 18:45 | Queue | Villager (Male) |
| 18:56 | Build | Market |
| 18:58 | Queue | Villager (Male) |
| 18:58 | Queue | Villager (Male) |
| 19:42 | Queue | Villager (Male) |
| 19:42 | Queue | Villager (Male) |
| 19:43 | Queue | Villager (Male) |
| 19:45 | Build | Farm |
| 19:58 | Build | Watch Tower |
| 20:02 | Queue | Villager (Male) |
| 20:02 | Queue | Villager (Male) |
| 20:23 | Build | Palisade Wall |
| 20:25 | Build | Palisade Wall |
| 20:28 | Build | Palisade Wall |
| 20:30 | Queue | Villager (Male) |
| 20:58 | Build | Mill |
| 20:59 | Build | Farm |
| 20:59 | Build | Farm |
| 21:00 | Build | Farm |
| 21:00 | Build | Farm |
| 21:00 | Build | Farm |
| 21:00 | Build | Farm |
| 21:20 | Queue | Villager (Male) |
| 21:21 | Queue | Villager (Male) |
| 21:47 | Queue | Villager (Male) |
| 22:20 | Queue | Villager (Male) |
| 22:27 | Build | Mining Camp |
| 22:47 | Queue | Villager (Male) |
| 22:50 | Queue | Villager (Male) |
| 22:50 | Queue | Villager (Male) |
| 23:28 | Research | Castle Age |
| 23:37 | Research | Gold Mining |
| 23:43 | Build | Lumber Camp |
| 23:47 | Research | Padded Archer Armor |
| 23:54 | Research | Double-Bit Axe |
| 24:06 | Build | Archery Range |
| 24:21 | Research | Fletching |
| 24:47 | Build | Archery Range |
| 24:58 | Build | Archery Range |
| 25:34 | Research | Bloodlines |
| 25:55 | Queue | Villager (Male) |
| 25:56 | Queue | Villager (Male) |
| 26:19 | Age | Castle Age |
| 26:23 | Build | University |
| 26:27 | Research | Bodkin Arrow |
| 26:27 | Research | Leather Archer Armor |
| 26:30 | Queue | Cavalry Archer |
| 26:30 | Queue | Cavalry Archer |
| 26:30 | Queue | Cavalry Archer |
| 26:31 | Queue | Cavalry Archer |
| 26:47 | Queue | Villager (Male) |
| 26:53 | Queue | Cavalry Archer |
| 26:54 | Queue | Cavalry Archer |
| 26:54 | Queue | Cavalry Archer |
| 27:11 | Queue | Cavalry Archer |
| 27:12 | Queue | Cavalry Archer |
| 27:18 | Research | Ballistics |
| 27:19 | Research | Ballistics |
| 27:25 | Queue | Villager (Male) |
| 27:26 | Queue | Villager (Male) |
| 27:34 | Queue | Cavalry Archer |
| 27:34 | Queue | Cavalry Archer |
| 27:47 | Queue | Villager (Male) |
| 28:01 | Build | Siege Workshop |
| 28:10 | Queue | Cavalry Archer |
| 28:11 | Queue | Cavalry Archer |
| 28:11 | Queue | Cavalry Archer |
Build order — evi
First 150 of 442 actions detected
| 0:37 | Build | Town Center |
| 2:30 | Queue | Villager (Male) |
| 2:31 | Queue | Villager (Male) |
| 2:31 | Queue | Villager (Male) |
| 2:31 | Queue | Villager (Male) |
| 2:31 | Queue | Villager (Male) |
| 2:48 | Build | House |
| 3:21 | Build | House |
| 3:46 | Research | Loom |
| 3:46 | Research | Loom |
| 3:46 | Queue | Villager (Male) |
| 3:47 | Queue | Villager (Male) |
| 3:47 | Queue | Villager (Male) |
| 3:47 | Queue | Villager (Male) |
| 3:52 | Build | House |
| 4:11 | Queue | Villager (Male) |
| 4:39 | Build | Lumber Camp |
| 4:49 | Build | Lumber Camp |
| 4:51 | Queue | Villager (Male) |
| 4:52 | Queue | Villager (Male) |
| 4:52 | Queue | Villager (Male) |
| 5:17 | Queue | Villager (Male) |
| 5:18 | Queue | Villager (Male) |
| 5:18 | Queue | Villager (Male) |
| 5:39 | Queue | Villager (Male) |
| 5:55 | Queue | Villager (Male) |
| 5:56 | Queue | Villager (Male) |
| 5:56 | Queue | Villager (Male) |
| 6:11 | Queue | Villager (Male) |
| 6:12 | Queue | Villager (Male) |
| 6:21 | Build | House |
| 6:31 | Queue | Villager (Male) |
| 6:32 | Queue | Villager (Male) |
| 6:36 | Build | Palisade Gate |
| 7:01 | Queue | Villager (Male) |
| 7:02 | Queue | Villager (Male) |
| 7:02 | Queue | Villager (Male) |
| 7:24 | Build | House |
| 7:40 | Queue | Villager (Male) |
| 8:18 | Queue | Villager (Male) |
| 8:25 | Build | House |
| 8:49 | Queue | Villager (Male) |
| 9:06 | Build | Palisade Wall |
| 9:43 | Build | Mill |
| 9:50 | Queue | Villager (Male) |
| 10:00 | Build | Palisade Wall |
| 10:41 | Build | Palisade Wall |
| 10:56 | Build | Mining Camp |
| 11:07 | Build | Palisade Wall |
| 11:09 | Queue | Villager (Male) |
| 11:20 | Queue | Villager (Male) |
| 11:25 | Queue | Villager (Male) |
| 11:47 | Build | Mining Camp |
| 11:52 | Research | Feudal Age |
| 11:53 | Research | Feudal Age |
| 13:23 | Queue | Villager (Male) |
| 13:29 | Build | House |
| 14:07 | Queue | Villager (Male) |
| 14:16 | Age | Feudal Age |
| 14:18 | Build | Market |
| 14:24 | Build | Blacksmith |
| 14:41 | Queue | Villager (Male) |
| 15:14 | Research | Castle Age |
| 15:15 | Research | Castle Age |
| 15:22 | Build | Stone Wall |
| 15:35 | Build | House |
| 16:00 | Build | Stone Wall |
| 16:13 | Build | House |
| 16:17 | Build | Stone Wall |
| 16:33 | Build | Farm |
| 16:34 | Build | Farm |
| 16:35 | Build | Farm |
| 16:55 | Build | House |
| 16:56 | Build | Stone Wall |
| 17:05 | Queue | Villager (Male) |
| 17:08 | Build | Farm |
| 17:20 | Build | Stone Wall |
| 17:32 | Build | Stone Wall |
| 17:42 | Build | Stone Wall |
| 17:59 | Build | Stone Wall |
| 18:01 | Build | Stone Wall |
| 18:03 | Build | Stone Wall |
| 18:05 | Build | Stone Wall |
| 18:08 | Build | Palisade Gate |
| 18:11 | Age | Castle Age |
| 18:13 | Build | House |
| 18:14 | Build | House |
| 18:16 | Build | Stone Wall |
| 18:37 | Build | Castle |
| 18:51 | Queue | Villager (Male) |
| 19:07 | Build | Stone Wall |
| 20:10 | Build | Farm |
| 20:12 | Queue | Mangudai |
| 20:12 | Queue | Mangudai |
| 20:14 | Build | Farm |
| 20:15 | Build | Farm |
| 20:36 | Build | Farm |
| 20:47 | Queue | Mangudai |
| 20:56 | Queue | Mangudai |
| 21:02 | Queue | Mangudai |
| 21:27 | Build | Mining Camp |
| 22:13 | Research | Fletching |
| 22:43 | Queue | Villager (Male) |
| 23:02 | Queue | Villager (Male) |
| 23:42 | Queue | Villager (Male) |
| 23:43 | Queue | Villager (Male) |
| 24:03 | Queue | Villager (Male) |
| 24:06 | Build | Farm |
| 24:24 | Queue | Villager (Male) |
| 24:25 | Queue | Villager (Male) |
| 24:28 | Build | Farm |
| 24:46 | Queue | Mangudai |
| 24:46 | Queue | Mangudai |
| 25:05 | Queue | Villager (Male) |
| 25:05 | Queue | Villager (Male) |
| 25:05 | Queue | Villager (Male) |
| 25:08 | Build | Farm |
| 25:18 | Build | Farm |
| 25:27 | Build | Mining Camp |
| 25:36 | Research | Double-Bit Axe |
| 25:36 | Research | Double-Bit Axe |
| 25:37 | Research | Double-Bit Axe |
| 26:05 | Queue | Villager (Male) |
| 26:07 | Build | Farm |
| 26:32 | Queue | Mangudai |
| 27:10 | Queue | Villager (Male) |
| 27:11 | Build | Farm |
| 27:33 | Queue | Villager (Male) |
| 27:33 | Queue | Villager (Male) |
| 27:33 | Queue | Villager (Male) |
| 27:47 | Build | Stone Wall |
| 27:49 | Build | Palisade Gate |
| 27:58 | Research | Wheelbarrow |
| 27:59 | Research | Wheelbarrow |
| 28:03 | Queue | Mangudai |
| 28:08 | Research | Bow Saw |
| 28:08 | Research | Bow Saw |
| 28:09 | Research | Bow Saw |
| 28:15 | Build | Town Center |
| 28:44 | Queue | Villager (Male) |
| 29:18 | Build | Gate |
| 29:22 | Build | Farm |
| 29:27 | Queue | Villager (Male) |
| 29:29 | Queue | Villager (Male) |
| 29:41 | Build | Stone Wall |
| 29:48 | Build | Farm |
| 29:50 | Build | Farm |
| 29:50 | Build | Farm |
| 29:53 | Queue | Villager (Male) |
| 29:55 | Queue | Villager (Male) |
Build order — 无落Zenith
First 150 of 238 actions detected
| 1:13 | Build | Town Center |
| 2:57 | Queue | Villager (Male) |
| 2:57 | Queue | Villager (Male) |
| 3:01 | Queue | Villager (Male) |
| 3:01 | Queue | Villager (Male) |
| 3:04 | Build | House |
| 3:39 | Build | House |
| 4:20 | Queue | Villager (Male) |
| 4:20 | Queue | Villager (Male) |
| 4:54 | Queue | Villager (Male) |
| 4:54 | Queue | Villager (Male) |
| 5:02 | Build | Lumber Camp |
| 5:23 | Queue | Villager (Male) |
| 5:28 | Queue | Villager (Male) |
| 5:28 | Queue | Villager (Male) |
| 5:52 | Queue | Villager (Male) |
| 5:52 | Queue | Villager (Male) |
| 6:20 | Build | House |
| 6:31 | Build | House |
| 6:43 | Queue | Villager (Male) |
| 6:43 | Queue | Villager (Male) |
| 6:43 | Queue | Villager (Male) |
| 7:26 | Build | Mill |
| 7:31 | Queue | Villager (Male) |
| 7:32 | Queue | Villager (Male) |
| 7:32 | Queue | Villager (Male) |
| 7:32 | Queue | Villager (Male) |
| 8:24 | Queue | Villager (Male) |
| 8:45 | Queue | Villager (Male) |
| 9:08 | Queue | Villager (Male) |
| 10:03 | Research | Feudal Age |
| 10:09 | Build | Barracks |
| 10:54 | Build | House |
| 11:14 | Build | Palisade Wall |
| 12:01 | Build | Palisade Wall |
| 12:13 | Age | Feudal Age |
| 12:14 | Queue | Villager (Male) |
| 12:17 | Build | Stable |
| 12:19 | Research | Double-Bit Axe |
| 12:32 | Queue | Villager (Male) |
| 12:59 | Build | Palisade Wall |
| 13:14 | Build | Palisade Gate |
| 13:18 | Queue | Scout Cavalry |
| 13:18 | Queue | Scout Cavalry |
| 13:19 | Queue | Villager (Male) |
| 13:20 | Queue | Villager (Male) |
| 13:46 | Build | House |
| 14:08 | Build | Blacksmith |
| 14:13 | Queue | Scout Cavalry |
| 14:13 | Queue | Scout Cavalry |
| 14:23 | Queue | Villager (Male) |
| 14:28 | Queue | Villager (Male) |
| 14:34 | Build | House |
| 14:35 | Build | House |
| 14:39 | Queue | Scout Cavalry |
| 14:39 | Queue | Scout Cavalry |
| 14:45 | Queue | Villager (Male) |
| 14:57 | Research | Forging |
| 15:08 | Queue | Scout Cavalry |
| 15:08 | Queue | Scout Cavalry |
| 15:28 | Queue | Villager (Male) |
| 15:39 | Queue | Scout Cavalry |
| 15:56 | Queue | Villager (Male) |
| 16:00 | Queue | Scout Cavalry |
| 16:20 | Queue | Scout Cavalry |
| 16:20 | Queue | Scout Cavalry |
| 16:24 | Queue | Villager (Male) |
| 16:28 | Build | Pasture |
| 16:39 | Build | House |
| 16:41 | Build | House |
| 16:44 | Build | House |
| 16:47 | Build | House |
| 16:54 | Research | Scale Barding Armor |
| 17:07 | Queue | Villager (Male) |
| 17:07 | Queue | Villager (Male) |
| 17:09 | Build | Pasture |
| 17:18 | Build | Pasture |
| 17:21 | Queue | Villager (Male) |
| 17:45 | Queue | Scout Cavalry |
| 17:45 | Queue | Scout Cavalry |
| 18:07 | Queue | Villager (Male) |
| 18:08 | Queue | Scout Cavalry |
| 18:08 | Queue | Scout Cavalry |
| 18:37 | Queue | Villager (Male) |
| 18:58 | Queue | Villager (Male) |
| 19:01 | Build | Pasture |
| 19:02 | Build | Pasture |
| 19:02 | Build | Pasture |
| 19:02 | Build | Pasture |
| 19:03 | Build | Pasture |
| 19:30 | Queue | Villager (Male) |
| 19:30 | Queue | Villager (Male) |
| 19:30 | Queue | Villager (Male) |
| 19:33 | Build | Pasture |
| 19:37 | Research | Tech 1014 |
| 19:59 | Queue | Villager (Male) |
| 20:10 | Build | Mill |
| 20:36 | Build | Mining Camp |
| 21:18 | Queue | Villager (Male) |
| 21:35 | Queue | Villager (Male) |
| 22:11 | Build | Pasture |
| 22:16 | Queue | Villager (Male) |
| 22:29 | Build | Stable |
| 22:59 | Queue | Villager (Male) |
| 22:59 | Queue | Villager (Male) |
| 22:59 | Queue | Villager (Male) |
| 23:04 | Research | Castle Age |
| 23:10 | Build | Pasture |
| 23:29 | Queue | Scout Cavalry |
| 23:29 | Queue | Scout Cavalry |
| 23:29 | Queue | Scout Cavalry |
| 23:29 | Queue | Scout Cavalry |
| 23:29 | Queue | Scout Cavalry |
| 23:46 | Queue | Villager (Male) |
| 24:19 | Queue | Scout Cavalry |
| 24:20 | Queue | Scout Cavalry |
| 24:20 | Queue | Scout Cavalry |
| 24:24 | Build | House |
| 24:24 | Build | House |
| 24:34 | Queue | Villager (Male) |
| 24:35 | Queue | Villager (Male) |
| 24:42 | Build | Stable |
| 24:58 | Queue | Villager (Male) |
| 25:01 | Build | Stable |
| 25:20 | Queue | Scout Cavalry |
| 25:21 | Queue | Scout Cavalry |
| 25:21 | Queue | Scout Cavalry |
| 25:21 | Queue | Scout Cavalry |
| 25:21 | Queue | Scout Cavalry |
| 25:24 | Queue | Villager (Male) |
| 25:26 | Build | House |
| 25:44 | Age | Castle Age |
| 25:46 | Research | Light Cavalry (upgrade) |
| 25:46 | Research | Husbandry |
| 25:47 | Research | Chain Barding Armor |
| 25:51 | Research | Iron Casting |
| 25:52 | Queue | Scout Cavalry |
| 25:52 | Queue | Scout Cavalry |
| 25:56 | Queue | Villager (Male) |
| 25:56 | Queue | Villager (Male) |
| 26:19 | Queue | Scout Cavalry |
| 26:19 | Queue | Scout Cavalry |
| 26:29 | Queue | Villager (Male) |
| 26:29 | Queue | Villager (Male) |
| 26:29 | Queue | Villager (Male) |
| 26:35 | Build | Pasture |
| 26:47 | Queue | Scout Cavalry |
| 26:47 | Queue | Scout Cavalry |
| 27:01 | Queue | Villager (Male) |
| 27:01 | Queue | Villager (Male) |
Build order — 牛油果
First 150 of 614 actions detected
| 0:12 | Build | Town Center |
| 1:55 | Build | House |
| 2:12 | Queue | Villager (Male) |
| 2:12 | Queue | Villager (Male) |
| 2:13 | Queue | Villager (Male) |
| 2:13 | Queue | Villager (Male) |
| 2:14 | Queue | Villager (Male) |
| 2:14 | Queue | Villager (Male) |
| 3:24 | Queue | Villager (Male) |
| 3:24 | Queue | Villager (Male) |
| 3:33 | Build | House |
| 3:48 | Build | House |
| 4:02 | Queue | Villager (Male) |
| 4:03 | Queue | Villager (Male) |
| 4:16 | Build | Lumber Camp |
| 4:21 | Build | House |
| 4:23 | Queue | Villager (Male) |
| 4:38 | Queue | Villager (Male) |
| 4:49 | Build | House |
| 5:25 | Build | Palisade Wall |
| 5:26 | Build | Palisade Wall |
| 5:27 | Build | Palisade Wall |
| 5:34 | Queue | Villager (Male) |
| 5:51 | Queue | Villager (Male) |
| 5:51 | Queue | Villager (Male) |
| 6:12 | Queue | Villager (Male) |
| 6:15 | Build | House |
| 6:17 | Build | Palisade Wall |
| 6:48 | Build | Palisade Wall |
| 7:04 | Queue | Villager (Male) |
| 7:31 | Build | Mill |
| 7:35 | Queue | Villager (Male) |
| 8:08 | Queue | Villager (Male) |
| 8:26 | Build | House |
| 8:27 | Queue | Villager (Male) |
| 8:39 | Queue | Villager (Male) |
| 9:11 | Queue | Villager (Male) |
| 9:17 | Queue | Villager (Male) |
| 9:23 | Build | Palisade Wall |
| 9:24 | Build | Palisade Wall |
| 9:31 | Build | Palisade Wall |
| 9:34 | Queue | Villager (Male) |
| 9:36 | Build | Mining Camp |
| 9:41 | Research | Loom |
| 10:15 | Build | Palisade Wall |
| 10:15 | Build | Palisade Wall |
| 10:27 | Research | Feudal Age |
| 11:34 | Queue | Villager (Male) |
| 11:34 | Queue | Villager (Male) |
| 12:42 | Build | Palisade Wall |
| 13:00 | Age | Feudal Age |
| 13:05 | Build | Market |
| 13:09 | Build | Blacksmith |
| 13:37 | Build | House |
| 13:40 | Build | Palisade Wall |
| 13:53 | Research | Castle Age |
| 13:54 | Research | Castle Age |
| 14:15 | Build | Palisade Wall |
| 14:20 | Research | Double-Bit Axe |
| 14:21 | Research | Double-Bit Axe |
| 14:29 | Build | House |
| 14:30 | Build | House |
| 14:39 | Research | Horse Collar |
| 14:39 | Research | Horse Collar |
| 14:45 | Build | Farm |
| 14:51 | Build | Farm |
| 15:06 | Build | House |
| 15:08 | Build | Palisade Wall |
| 15:08 | Build | Palisade Wall |
| 15:13 | Build | Farm |
| 15:19 | Queue | Villager (Male) |
| 15:19 | Queue | Villager (Male) |
| 16:19 | Age | Castle Age |
| 16:21 | Build | Town Center |
| 16:33 | Research | Bow Saw |
| 16:33 | Research | Bow Saw |
| 16:38 | Queue | Villager (Male) |
| 16:56 | Build | Farm |
| 17:04 | Queue | Villager (Male) |
| 17:21 | Build | Town Center |
| 17:34 | Queue | Villager (Male) |
| 17:36 | Build | Farm |
| 18:01 | Build | House |
| 18:09 | Build | Palisade Wall |
| 18:10 | Build | Palisade Wall |
| 18:14 | Queue | Villager (Male) |
| 18:15 | Queue | Villager (Male) |
| 18:16 | Queue | Villager (Male) |
| 18:23 | Build | Barracks |
| 18:36 | Queue | Villager (Male) |
| 18:57 | Queue | Villager (Male) |
| 19:04 | Queue | Villager (Male) |
| 19:04 | Queue | Villager (Male) |
| 19:10 | Build | Farm |
| 19:11 | Build | Farm |
| 19:13 | Build | Farm |
| 19:36 | Queue | Spearman |
| 19:38 | Build | Farm |
| 19:39 | Queue | Villager (Male) |
| 19:48 | Queue | Villager (Male) |
| 20:03 | Queue | Villager (Male) |
| 20:06 | Build | Siege Workshop |
| 20:09 | Queue | Villager (Male) |
| 20:15 | Queue | Spearman |
| 20:19 | Build | Farm |
| 20:31 | Build | Mining Camp |
| 20:32 | Queue | Villager (Male) |
| 20:37 | Queue | Scorpion |
| 20:41 | Queue | Villager (Male) |
| 20:41 | Queue | Villager (Male) |
| 20:56 | Queue | Villager (Male) |
| 21:05 | Queue | Spearman |
| 21:08 | Queue | Villager (Male) |
| 21:22 | Queue | Spearman |
| 21:23 | Queue | Villager (Male) |
| 21:23 | Queue | Villager (Male) |
| 21:34 | Build | House |
| 21:37 | Queue | Villager (Male) |
| 21:40 | Queue | Spearman |
| 21:50 | Build | Farm |
| 21:51 | Build | Farm |
| 21:51 | Build | Farm |
| 21:51 | Build | Farm |
| 21:51 | Build | Farm |
| 21:52 | Build | Farm |
| 21:52 | Build | Farm |
| 22:22 | Queue | Mangonel |
| 22:23 | Queue | Villager (Male) |
| 22:23 | Queue | Villager (Male) |
| 22:40 | Queue | Villager (Male) |
| 22:40 | Queue | Villager (Male) |
| 22:43 | Build | Farm |
| 23:00 | Queue | Villager (Male) |
| 23:01 | Queue | Villager (Male) |
| 23:02 | Build | Farm |
| 23:03 | Build | Farm |
| 23:07 | Queue | Villager (Male) |
| 23:08 | Queue | Villager (Male) |
| 23:13 | Build | Farm |
| 23:14 | Queue | Villager (Male) |
| 23:26 | Build | Farm |
| 23:31 | Queue | Villager (Male) |
| 23:31 | Queue | Villager (Male) |
| 23:31 | Queue | Villager (Male) |
| 23:44 | Queue | Villager (Male) |
| 23:45 | Queue | Villager (Male) |
| 23:52 | Queue | Villager (Male) |
| 23:53 | Queue | Villager (Male) |
| 24:27 | Build | Castle |
| 24:36 | Queue | Mangonel |
Build order — 76561198865811312
First 150 of 231 actions detected
| 0:09 | Build | Town Center |
| 0:58 | Build | House |
| 2:37 | Queue | Villager (Male) |
| 2:37 | Queue | Villager (Male) |
| 2:37 | Queue | Villager (Male) |
| 2:38 | Queue | Villager (Male) |
| 4:08 | Queue | Villager (Male) |
| 4:09 | Queue | Villager (Male) |
| 4:09 | Queue | Villager (Male) |
| 4:28 | Build | House |
| 4:35 | Build | House |
| 5:04 | Queue | Villager (Male) |
| 5:04 | Queue | Villager (Male) |
| 5:04 | Queue | Villager (Male) |
| 5:23 | Build | Lumber Camp |
| 5:43 | Queue | Villager (Male) |
| 5:43 | Queue | Villager (Male) |
| 6:07 | Queue | Villager (Male) |
| 6:07 | Queue | Villager (Male) |
| 6:07 | Queue | Villager (Male) |
| 6:50 | Build | House |
| 7:03 | Queue | Villager (Male) |
| 7:03 | Queue | Villager (Male) |
| 7:21 | Queue | Villager (Male) |
| 7:22 | Queue | Villager (Male) |
| 7:22 | Queue | Villager (Male) |
| 7:22 | Queue | Villager (Male) |
| 7:48 | Build | House |
| 8:29 | Build | Mill |
| 8:37 | Queue | Villager (Male) |
| 9:17 | Queue | Villager (Male) |
| 9:18 | Queue | Villager (Male) |
| 9:27 | Build | House |
| 9:31 | Build | House |
| 10:11 | Queue | Villager (Male) |
| 10:35 | Queue | Villager (Male) |
| 10:58 | Queue | Villager (Male) |
| 11:29 | Research | Feudal Age |
| 12:02 | Build | Palisade Wall |
| 12:44 | Build | Palisade Wall |
| 13:00 | Build | Palisade Wall |
| 13:21 | Queue | Villager (Male) |
| 13:22 | Queue | Villager (Male) |
| 13:39 | Build | Palisade Wall |
| 13:39 | Age | Feudal Age |
| 13:45 | Build | Blacksmith |
| 13:50 | Build | Market |
| 14:19 | Build | Palisade Wall |
| 14:47 | Build | Palisade Wall |
| 14:49 | Research | Castle Age |
| 15:05 | Build | Mining Camp |
| 15:29 | Research | Double-Bit Axe |
| 15:59 | Build | House |
| 16:05 | Build | House |
| 16:49 | Research | Loom |
| 17:29 | Age | Castle Age |
| 17:36 | Queue | Villager (Male) |
| 17:36 | Queue | Villager (Male) |
| 18:09 | Research | Gold Mining |
| 18:10 | Queue | Villager (Male) |
| 18:37 | Queue | Villager (Male) |
| 18:57 | Queue | Villager (Male) |
| 19:22 | Build | Castle |
| 19:37 | Queue | Villager (Male) |
| 19:53 | Build | Palisade Wall |
| 20:01 | Build | Farm |
| 20:02 | Research | Horse Collar |
| 20:20 | Build | Siege Workshop |
| 20:24 | Queue | Villager (Male) |
| 20:41 | Build | Town Center |
| 21:00 | Queue | Mangonel |
| 21:04 | Build | Mining Camp |
| 21:05 | Queue | Rattan Archer |
| 21:05 | Queue | Rattan Archer |
| 21:05 | Queue | Rattan Archer |
| 21:06 | Queue | Rattan Archer |
| 21:24 | Queue | Villager (Male) |
| 21:24 | Queue | Villager (Male) |
| 21:40 | Queue | Rattan Archer |
| 22:03 | Build | Mill |
| 22:15 | Queue | Rattan Archer |
| 22:15 | Queue | Rattan Archer |
| 22:27 | Queue | Villager (Male) |
| 22:28 | Queue | Villager (Male) |
| 22:28 | Queue | Villager (Male) |
| 22:35 | Build | Farm |
| 22:37 | Build | Farm |
| 22:39 | Build | Farm |
| 22:56 | Queue | Mangonel |
| 23:00 | Queue | Villager (Male) |
| 23:00 | Queue | Villager (Male) |
| 23:00 | Queue | Villager (Male) |
| 23:21 | Queue | Villager (Male) |
| 23:21 | Queue | Villager (Male) |
| 23:50 | Queue | Rattan Archer |
| 23:52 | Queue | Mangonel |
| 24:09 | Queue | Rattan Archer |
| 24:09 | Queue | Rattan Archer |
| 24:10 | Queue | Rattan Archer |
| 24:31 | Queue | Rattan Archer |
| 24:31 | Queue | Rattan Archer |
| 24:35 | Queue | Villager (Male) |
| 24:35 | Queue | Villager (Male) |
| 24:35 | Queue | Villager (Male) |
| 24:36 | Queue | Villager (Male) |
| 24:36 | Queue | Villager (Male) |
| 24:36 | Queue | Villager (Male) |
| 24:54 | Queue | Villager (Male) |
| 24:54 | Queue | Villager (Male) |
| 25:22 | Queue | Villager (Male) |
| 25:26 | Build | Farm |
| 25:42 | Build | Mill |
| 25:50 | Build | Mill |
| 26:25 | Build | Farm |
| 26:26 | Build | Farm |
| 26:27 | Build | Farm |
| 26:28 | Build | Farm |
| 26:33 | Research | Fletching |
| 26:34 | Research | Padded Archer Armor |
| 26:37 | Queue | Rattan Archer |
| 26:37 | Queue | Rattan Archer |
| 26:37 | Queue | Rattan Archer |
| 27:08 | Queue | Rattan Archer |
| 27:08 | Queue | Rattan Archer |
| 27:09 | Queue | Rattan Archer |
| 27:09 | Queue | Rattan Archer |
| 27:09 | Queue | Rattan Archer |
| 27:21 | Queue | Villager (Male) |
| 27:21 | Queue | Villager (Male) |
| 27:21 | Queue | Villager (Male) |
| 27:22 | Queue | Villager (Male) |
| 27:22 | Queue | Villager (Male) |
| 27:22 | Queue | Villager (Male) |
| 27:28 | Build | Lumber Camp |
| 27:58 | Build | Outpost |
| 27:59 | Build | Outpost |
| 28:04 | Build | House |
| 28:04 | Build | House |
| 28:05 | Build | House |
| 28:05 | Build | House |
| 28:05 | Build | House |
| 28:12 | Queue | Rattan Archer |
| 28:13 | Queue | Rattan Archer |
| 28:36 | Build | House |
| 28:37 | Build | House |
| 28:43 | Queue | Villager (Male) |
| 28:44 | Queue | Villager (Male) |
| 28:44 | Queue | Villager (Male) |
| 28:50 | Build | Farm |
| 28:51 | Build | Farm |
Build order — 局長
123 actions detected in the replay
| 0:54 | Build | Town Center |
| 3:05 | Build | House |
| 3:06 | Build | House |
| 3:17 | Research | Loom |
| 3:18 | Queue | Villager (Male) ×4 |
| 5:22 | Queue | Villager (Male) |
| 5:22 | Queue | Villager (Male) |
| 5:28 | Queue | Villager (Male) |
| 5:53 | Build | Lumber Camp |
| 6:15 | Queue | Villager (Male) |
| 6:15 | Queue | Villager (Male) |
| 6:15 | Queue | Villager (Male) |
| 6:32 | Queue | Villager (Male) |
| 6:32 | Queue | Villager (Male) |
| 6:33 | Queue | Villager (Male) |
| 6:52 | Queue | Villager (Male) |
| 7:58 | Queue | Villager (Male) |
| 7:58 | Queue | Villager (Male) |
| 8:00 | Queue | Villager (Male) |
| 8:00 | Queue | Villager (Male) |
| 8:29 | Build | Mill |
| 8:34 | Queue | Villager (Male) |
| 8:43 | Build | House |
| 8:45 | Build | House |
| 8:51 | Queue | Villager (Male) |
| 9:04 | Queue | Villager (Male) |
| 9:23 | Queue | Villager (Male) |
| 9:30 | Build | Mill |
| 9:56 | Queue | Villager (Male) |
| 10:29 | Build | Palisade Wall |
| 10:36 | Queue | Villager (Male) |
| 10:56 | Queue | Villager (Male) |
| 11:10 | Queue | Villager (Male) |
| 11:16 | Build | House |
| 11:34 | Queue | Villager (Male) |
| 11:57 | Build | Palisade Wall |
| 12:09 | Build | House |
| 12:12 | Build | Palisade Wall |
| 12:36 | Research | Feudal Age |
| 13:06 | Build | Mining Camp |
| 13:13 | Build | Palisade Wall |
| 13:29 | Build | Palisade Wall |
| 13:50 | Queue | Villager (Male) |
| 13:50 | Queue | Villager (Male) |
| 15:09 | Age | Feudal Age |
| 15:10 | Build | House |
| 15:12 | Build | House |
| 15:16 | Build | Barracks |
| 15:19 | Build | House |
| 15:45 | Build | Blacksmith |
| 15:56 | Build | Watch Tower |
| 18:03 | Build | Market |
| 18:51 | Build | Mining Camp |
| 19:58 | Research | Castle Age |
| 20:41 | Build | Watch Tower |
| 22:38 | Age | Castle Age |
| 24:04 | Build | Mill |
| 25:11 | Build | Town Center |
| 26:20 | Queue | Villager (Male) ×3 |
| 28:01 | Build | Farm |
| 28:02 | Build | Farm |
| 28:02 | Build | Farm |
| 28:02 | Build | Farm |
| 28:02 | Build | Farm |
| 28:03 | Build | Farm |
| 28:03 | Build | Farm |
| 28:09 | Build | Farm |
| 28:11 | Queue | Villager (Male) ×2 |
| 29:15 | Queue | Villager (Male) |
| 29:29 | Queue | Villager (Male) |
| 29:58 | Queue | Villager (Male) |
| 29:58 | Queue | Villager (Male) |
| 30:35 | Queue | Villager (Male) |
| 30:54 | Build | Market |
| 30:59 | Build | House |
| 31:17 | Queue | Villager (Male) ×2 |
| 31:35 | Queue | Villager (Male) |
| 31:59 | Queue | Villager (Male) |
| 32:47 | Queue | Villager (Male) ×2 |
| 33:29 | Queue | Villager (Male) |
| 33:58 | Queue | Villager (Male) |
| 34:11 | Queue | Villager (Male) |
| 34:34 | Queue | Villager (Male) |
| 34:54 | Queue | Villager (Male) |
| 36:07 | Queue | Villager (Male) ×2 |
| 36:11 | Build | Lumber Camp |
| 36:36 | Build | Mining Camp |
| 36:41 | Queue | Villager (Male) |
| 36:48 | Queue | Villager (Male) |
| 37:06 | Queue | Villager (Male) |
| 38:18 | Build | Mining Camp |
| 38:36 | Queue | Villager (Male) ×2 |
| 39:12 | Queue | Villager (Male) ×2 |
| 39:51 | Queue | Villager (Male) |
| 40:21 | Queue | Villager (Male) |
| 40:26 | Queue | Villager (Male) |
| 40:27 | Queue | Villager (Male) |
| 40:52 | Queue | Villager (Male) |
| 40:52 | Queue | Villager (Male) |
| 41:45 | Queue | Villager (Male) ×2 |
| 42:46 | Research | Stone Mining |
| 42:59 | Queue | Villager (Male) |
| 43:09 | Build | House |
| 43:10 | Build | House |
| 43:11 | Build | House |
| 43:12 | Build | House |
| 43:15 | Build | Palisade Gate |
| 43:17 | Build | House |
| 43:18 | Build | House |
| 43:26 | Queue | Villager (Male) |
| 43:46 | Queue | Villager (Male) |
| 44:04 | Build | Castle |
| 44:25 | Queue | Villager (Male) |
| 44:52 | Queue | Villager (Male) |
| 45:13 | Queue | Villager (Male) |
| 45:19 | Build | Lumber Camp |
| 45:48 | Queue | Villager (Male) ×2 |
| 46:02 | Build | University |
| 46:20 | Queue | Villager (Male) ×2 |
| 46:47 | Queue | Villager (Male) |
| 47:46 | Research | Imperial Age |
| 50:56 | Age | Imperial Age |
| 51:21 | Build | Wonder |
Match timeline
| 5:25 | 牛油果 · wall_segment Palisade Wall x1 |
| 5:26 | 牛油果 · wall_segment Palisade Wall x1 |
| 5:27 | 牛油果 · wall_segment Palisade Wall x4 |
| 6:17 | 牛油果 · wall_segment Palisade Wall x1 |
| 6:48 | 牛油果 · wall_segment Palisade Wall x8 |
| 9:06 | evi · wall_segment Palisade Wall x5 |
| 9:23 | 牛油果 · wall_segment Palisade Wall x1 |
| 9:24 | 牛油果 · wall_segment Palisade Wall x1 |
| 9:31 | 牛油果 · wall_segment Palisade Wall x5 |
| 10:00 | evi · wall_segment Palisade Wall x7 |
| 10:09 | 无落Zenith · first_building Barracks |
| 10:15 | 牛油果 · wall_segment Palisade Wall x1 |
| 10:15 | 牛油果 · wall_segment Palisade Wall x1 |
| 10:29 | 局長 · wall_segment Palisade Wall x5 |
| 10:41 | evi · wall_segment Palisade Wall x6 |
| 11:04 | HIX | Mark Anthony · wall_segment Palisade Wall x1 |
| 11:07 | evi · wall_segment Palisade Wall x7 |
| 11:09 | HIX | Mark Anthony · wall_segment Palisade Wall x1 |
| 11:14 | 无落Zenith · wall_segment Palisade Wall x11 |
| 11:33 | HIX | Mark Anthony · wall_segment Palisade Wall x1 |
| 11:36 | HIX | Mark Anthony · wall_segment Palisade Wall x7 |
| 11:39 | HIX | Mark Anthony · wall_segment Palisade Wall x3 |
| 11:54 | HIX | Jager_Master · first_building Barracks |
| 11:57 | 局長 · wall_segment Palisade Wall x9 |
| 12:01 | 无落Zenith · wall_segment Palisade Wall x1 |
| 12:02 | 76561198865811312 · wall_segment Palisade Wall x4 |
| 12:12 | 局長 · wall_segment Palisade Wall x3 |
| 12:13 | 无落Zenith · age_up feudal |
| 12:17 | 无落Zenith · first_building Stable |
| 12:34 | HIX | Mark Anthony · first_building Barracks |
| 12:38 | HIX | Mark Anthony · wall_segment Palisade Wall x8 |
| 12:42 | 牛油果 · wall_segment Palisade Wall x1 |
| 12:44 | 76561198865811312 · wall_segment Palisade Wall x5 |
| 12:54 | HIX | Jager_Master · age_up feudal |
| 12:55 | HIX | Jager_Master · first_building Archery Range |
| 12:59 | 无落Zenith · wall_segment Palisade Wall x15 |
| 13:00 | 76561198865811312 · wall_segment Palisade Wall x7 |
| 13:00 | 牛油果 · age_up feudal |
| 13:13 | 局長 · wall_segment Palisade Wall x1 |
| 13:29 | 局長 · wall_segment Palisade Wall x20 |
| 13:34 | HIX | Mark Anthony · wall_segment Palisade Wall x1 |
| 13:36 | HIX | Mark Anthony · wall_segment Palisade Wall x6 |
| 13:37 | HIX | Mark Anthony · wall_segment Palisade Wall x1 |
| 13:39 | 76561198865811312 · wall_segment Palisade Wall x8 |
| 13:39 | 76561198865811312 · age_up feudal |
| 13:40 | 牛油果 · wall_segment Palisade Wall x1 |
| 14:04 | HIX | Mark Anthony · age_up feudal |
| 14:15 | 牛油果 · wall_segment Palisade Wall x1 |
| 14:16 | evi · age_up feudal |
| 14:19 | 76561198865811312 · wall_segment Palisade Wall x13 |
| 14:37 | HIX | Mark Anthony · first_building Stable |
| 14:47 | 76561198865811312 · wall_segment Palisade Wall x4 |
| 14:49 | HIX | Jager_Master · wall_segment Palisade Wall x1 |
| 15:08 | 牛油果 · wall_segment Palisade Wall x1 |
| 15:08 | 牛油果 · wall_segment Palisade Wall x1 |
| 15:09 | 局長 · age_up feudal |
| 15:16 | 局長 · first_building Barracks |
| 15:22 | evi · wall_segment Stone Wall x1 |
| 16:00 | evi · wall_segment Stone Wall x6 |
| 16:08 | HIX | Jager_Master · wall_segment Palisade Wall x1 |
| 16:12 | HIX | Mark Anthony · wall_segment Palisade Wall x1 |
| 16:16 | HIX | Mark Anthony · wall_segment Palisade Wall x1 |
| 16:17 | evi · wall_segment Stone Wall x1 |
| 16:19 | 牛油果 · age_up castle |
| 16:21 | HIX | Mark Anthony · wall_segment Palisade Wall x1 |
| 16:33 | 迷途小書童 · age_up feudal |
| 16:37 | HIX | Mark Anthony · wall_segment Palisade Wall x1 |
| 16:39 | 迷途小書童 · first_building Barracks |
| 16:56 | evi · wall_segment Stone Wall x1 |
| 17:15 | 牛油果 · first_market_buy 100 wood |
| 17:20 | evi · wall_segment Stone Wall x1 |
| 17:22 | HIX | Jager_Master · wall_segment Palisade Wall x4 |
| 17:29 | 76561198865811312 · age_up castle |
| 17:32 | evi · wall_segment Stone Wall x1 |
| 17:35 | 迷途小書童 · first_building Stable |
| 17:42 | evi · wall_segment Stone Wall x1 |
| 17:59 | evi · wall_segment Stone Wall x1 |
| 18:01 | evi · wall_segment Stone Wall x1 |
| 18:03 | evi · wall_segment Stone Wall x1 |
| 18:05 | evi · wall_segment Stone Wall x1 |
| 18:09 | 牛油果 · wall_segment Palisade Wall x1 |
| 18:10 | 牛油果 · wall_segment Palisade Wall x1 |
| 18:11 | evi · age_up castle |
| 18:16 | evi · wall_segment Stone Wall x1 |
| 18:23 | 牛油果 · first_building Barracks |
| 18:37 | evi · first_building Castle |
| 19:07 | evi · wall_segment Stone Wall x1 |
| 19:22 | 76561198865811312 · first_building Castle |
| 19:33 | 牛油果 · first_market_sell 100 wood |
| 19:44 | HIX | Jager_Master · age_up castle |
| 19:48 | HIX | Mark Anthony · first_market_sell 100 wood |
| 19:51 | HIX | Jager_Master · first_building Siege Workshop |
| 19:51 | HIX | Mark Anthony · first_market_buy 100 stone |
| 19:53 | 76561198865811312 · wall_segment Palisade Wall x1 |
| 19:55 | 迷途小書童 · tribute_sent a jugador 1 |
| 19:55 | 迷途小書童 · tribute_sent a jugador 3 |
| 19:55 | 迷途小書童 · tribute_sent a jugador 4 |
| 19:55 | 迷途小書童 · tribute_sent a jugador 5 |
| 19:55 | 迷途小書童 · tribute_sent a jugador 6 |
| 19:55 | 迷途小書童 · tribute_sent a jugador 7 |
| 19:55 | 迷途小書童 · tribute_sent a jugador 8 |
| 20:06 | 局長 · first_market_sell 100 wood |
| 20:06 | 牛油果 · first_building Siege Workshop |
| 20:20 | 76561198865811312 · first_building Siege Workshop |
| 20:22 | 局長 · first_market_buy 100 stone |
| 20:23 | HIX | Mark Anthony · wall_segment Palisade Wall x1 |
| 20:25 | HIX | Mark Anthony · wall_segment Palisade Wall x1 |
| 20:28 | HIX | Jager_Master · first_market_buy 100 food |
| 20:28 | HIX | Mark Anthony · wall_segment Palisade Wall x1 |
| 21:43 | 迷途小書童 · age_up castle |
| 22:11 | 迷途小書童 · first_building Monastery |
| 22:38 | 局長 · age_up castle |
| 23:19 | 76561198865811312 · first_market_buy 100 food |
| 24:06 | HIX | Mark Anthony · first_building Archery Range |
| 24:27 | 牛油果 · first_building Castle |
| 24:45 | evi · first_market_sell 100 wood |
| 24:55 | 牛油果 · wall_segment Stone Wall x1 |
| 24:56 | 牛油果 · wall_segment Stone Wall x6 |
| 25:44 | 无落Zenith · age_up castle |
| 26:19 | HIX | Mark Anthony · age_up castle |
| 26:48 | 迷途小書童 · first_market_sell 100 wood |
| 27:47 | evi · wall_segment Stone Wall x1 |
| 28:01 | HIX | Mark Anthony · first_building Siege Workshop |
| 28:24 | 牛油果 · wall_segment Palisade Wall x1 |
| 28:26 | 牛油果 · wall_segment Palisade Wall x1 |
| 29:41 | evi · wall_segment Stone Wall x1 |
| 29:53 | 迷途小書童 · age_up imperial |
| 29:59 | evi · wall_segment Stone Wall x1 |
| 30:22 | 牛油果 · first_building Stable |
| 31:39 | evi · wall_segment Stone Wall x1 |
| 31:39 | evi · wall_segment Stone Wall x1 |
| 32:09 | 76561198865811312 · wall_segment Palisade Wall x1 |
| 32:29 | 76561198865811312 · wall_segment Palisade Wall x10 |
| 32:35 | 无落Zenith · wall_segment Palisade Wall x1 |
| 32:42 | 76561198865811312 · first_building Barracks |
| 33:05 | HIX | Jager_Master · wall_segment Stone Wall x6 |
| 33:07 | HIX | Jager_Master · wall_segment Stone Wall x6 |
| 33:10 | HIX | Jager_Master · wall_segment Stone Wall x7 |
| 33:13 | HIX | Jager_Master · wall_segment Stone Wall x9 |
| 33:34 | evi · wall_segment Stone Wall x1 |
| 33:48 | 76561198865811312 · first_market_sell 100 food |
| 33:53 | HIX | Jager_Master · wall_segment Stone Wall x3 |
| 33:55 | evi · wall_segment Stone Wall x1 |
| 34:39 | HIX | Jager_Master · first_building Castle |
| 35:02 | 牛油果 · age_up imperial |
| 35:09 | 76561198865811312 · age_up imperial |
| 36:48 | 迷途小書童 · first_building Castle |
| 37:07 | 76561198865811312 · wall_segment Stone Wall x3 |
| 37:11 | 76561198865811312 · wall_segment Stone Wall x5 |
| 37:17 | 76561198865811312 · wall_segment Stone Wall x8 |
| 37:20 | 76561198865811312 · wall_segment Stone Wall x4 |
| 37:33 | HIX | Jager_Master · first_building Stable |
| 39:07 | 无落Zenith · resign |
| 40:55 | HIX | Jager_Master · age_up imperial |
| 40:58 | HIX | Jager_Master · first_market_sell 100 stone |
| 41:47 | evi · first_building Barracks |
| 42:51 | HIX | Mark Anthony · first_building Castle |
| 43:01 | evi · first_building Stable |
| 44:04 | 局長 · first_building Castle |
| 44:25 | evi · first_market_buy 100 stone |
| 44:49 | evi · first_building Siege Workshop |
| 45:13 | HIX | Jager_Master · wall_segment Stone Wall x1 |
| 45:23 | evi · first_building Archery Range |
| 47:40 | 牛油果 · tribute_sent a jugador 1 |
| 47:40 | 牛油果 · tribute_sent a jugador 2 |
| 47:40 | 牛油果 · tribute_sent a jugador 3 |
| 47:40 | 牛油果 · tribute_sent a jugador 4 |
| 47:40 | 牛油果 · tribute_sent a jugador 5 |
| 47:40 | 牛油果 · tribute_sent a jugador 7 |
| 47:40 | 牛油果 · tribute_sent a jugador 8 |
| 48:02 | evi · age_up imperial |
| 48:52 | 牛油果 · tribute_sent a jugador 1 |
| 48:52 | 牛油果 · tribute_sent a jugador 2 |
| 48:52 | 牛油果 · tribute_sent a jugador 3 |
| 48:52 | 牛油果 · tribute_sent a jugador 4 |
| 48:52 | 牛油果 · tribute_sent a jugador 5 |
| 48:52 | 牛油果 · tribute_sent a jugador 7 |
| 48:52 | 牛油果 · tribute_sent a jugador 8 |
| 49:24 | HIX | Jager_Master · wall_segment Palisade Wall x1 |
| 49:26 | HIX | Jager_Master · wall_segment Palisade Wall x1 |
| 50:24 | HIX | Jager_Master · wall_segment Palisade Wall x1 |
| 50:56 | 局長 · age_up imperial |
| 51:15 | 牛油果 · tribute_sent a jugador 1 |
| 51:15 | 牛油果 · tribute_sent a jugador 2 |
| 51:15 | 牛油果 · tribute_sent a jugador 3 |
| 51:15 | 牛油果 · tribute_sent a jugador 4 |
| 51:15 | 牛油果 · tribute_sent a jugador 5 |
| 51:15 | 牛油果 · tribute_sent a jugador 7 |
| 51:15 | 牛油果 · tribute_sent a jugador 8 |
| 51:22 | 迷途小書童 · tribute_sent a jugador 1 |
| 51:22 | 迷途小書童 · tribute_sent a jugador 3 |
| 51:22 | 迷途小書童 · tribute_sent a jugador 4 |
| 51:22 | 迷途小書童 · tribute_sent a jugador 5 |
| 51:22 | 迷途小書童 · tribute_sent a jugador 6 |
| 51:22 | 迷途小書童 · tribute_sent a jugador 7 |
| 51:22 | 迷途小書童 · tribute_sent a jugador 8 |
[ AI ANALYSIS · 1 CREDIT ]
What really happened in this match?
Wolo.gg analyzes every decision: build order, eco, micro, common mistakes by bracket. Personalized analysis on WhatsApp or Discord in 30 seconds.
Civ guide
Lithuanians
Perfil
Jugador #15491559